AoeStats
← blizzopop

Arabia

510320033Analyzed
3v3 RM · 2d ago on Sep 30, 2026· 28m 3s· 6 players
Game mode
Random Map
Map size
Normal (6 player)
Population
200
Speed
Normal
Resources
Standard
Victory
Conquest
Starting age
Dark Age
Ending age
Imperial Age
RankedLock teamsTeams togetherTeam positionsShared explorationLock speedFull tech treeHidden civsTurbo modeCheats
Victory
Defeat
🇬🇧 Mongols · United Kingdom
1121
+15
🇺🇸 Magyars · United States
1112
+16
🇬🇧 Tupi · United Kingdom
1045
+19
🇹🇼 Saxons · Taiwan
1116
-17
🇹🇼 Ethiopians · Taiwan
1109
-17
🇹🇼 Varangians · Taiwan
1092
-16
blizzopop
6:17 Loom
8:45 Feudal Age
11:13 Double-Bit Axe
15:52 Gold Mining
18:11 Fletching
19:56 Padded Archer Armor
23:07 Castle Age
23:30 Crossbowman
24:08 Bodkin Arrow
26:29 Leather Archer Armor
27:19 Horse Collar
Alex
14:51 Feudal Age
15:45 Double-Bit Axe
15:51 Gold Mining
15:42 Champi Runner
16:14 Arson
16:18 Horse Collar
20:25 Castle Age
18:50 Scale Mail Armor
19:53 Forging
20:37 Loom
20:28 Champi Warrior
21:09 Squires
22:56 Heavy Plow
25:13 Chain Mail Armor
27:11 Wheelbarrow
EDL Spitfire
8:01 Loom
9:54 Feudal Age
12:52 Forging
18:19 Horse Collar
18:51 Gold Mining
18:53 Double-Bit Axe
22:05 Castle Age
21:28 Bloodlines
22:45 Light Cavalry
23:38 Scale Barding Armor
24:15 Husbandry
24:09 Town Watch
26:38 Wheelbarrow
Andre114514
8:53 Feudal Age
9:13 Loom
13:49 Double-Bit Axe
20:05 Fletching
23:28 Castle Age
21:22 Gold Mining
22:59 Padded Archer Armor
22:43 Horse Collar
24:38 Wheelbarrow
24:04 Bodkin Arrow
23:39 Crossbowman
25:20 Leather Archer Armor
25:45 Bow Saw
28:14 Town Watch
u990221
6:23 Loom
9:01 Feudal Age
18:35 Fletching
22:16 Castle Age
20:57 Padded Archer Armor
20:59 Gold Mining
23:29 Wheelbarrow
22:20 Crossbowman
23:05 Thumb Ring
22:56 Bodkin Arrow
27:22 Thumb Ring
a1952972
7:07 Loom
9:35 Feudal Age
12:47 Bloodlines
12:38 Double-Bit Axe
19:56 Scale Barding Armor
26:53 Castle Age
24:39 Horse Collar
26:08 Forging
Connection lost

Rejoining the realm…

Still unreachable

The connection could not be restored.

Session expired

The server has moved on; the page needs a fresh start.